 Dungeon Crawl Stone Soup version 0.32-a0-768-g0f6f1dd4b9 (webtiles) character file.

Game seed: 5990320341852461771

122 javelincjr the Grasshopper (level 4, -1/35 HPs)
             Began as a Demonspawn Warper on Mar 18, 2024.
             Was an Initiate of Makhleb.
             Slain by a sleepcap (4 damage)
             ... on level 4 of the Dungeon.
             The game lasted 00:06:18 (2191 turns).

javelincjr the Grasshopper (Demonspawn Warper)      Turns: 2191, Time: 00:06:19

Health: -1/35      AC:  6    Str: 13    XL:     4   Next: 78%
Magic:  7/7        EV: 10    Int: 14    God:    Makhleb [......]
Gold:   99         SH:  0    Dex: 18    Spells: 4/8 levels left

rFire   . . .        a - +0 spear
rCold   + . .        (no shield)
rNeg    . . .        t - +1 ring mail {rC+}
rPois   .            (no helmet)
rElec   .            (no cloak)
rCorr   .            (no gloves)
SInv    .            (no boots)
Will    .....        k - amulet of faith
Stlth   +            j - +6 ring of dexterity
HPRegen 0.25/turn    (no ring)
MPRegen 0.20/turn

%: faith
@: no status effects
A: magic regeneration, demonic magic 1
a: Renounce Religion


You were on level 4 of the Dungeon.
You worshipped Makhleb.
Makhleb was noncommittal.
You visited 1 branch of the dungeon, and saw 4 of its levels.

You collected 99 gold pieces.

Inventory:

Hand Weapons
 a - a +0 spear (weapon)
Missiles
 d - 5 darts of dispersal (quivered)
 e - 7 poisoned darts
 n - 4 boomerangs
 o - a throwing net
Armour
 b - a +0 leather armour
 t - a +1 ring mail of cold resistance (worn)
Jewellery
 j - a +6 ring of dexterity (left hand)
 k - an amulet of faith (around neck)
Scrolls
 c - a scroll of blinking
 g - 2 scrolls of teleportation {unknown}
 h - 3 scrolls of identify {unknown}
 l - a scroll of acquirement {unknown}
 q - a scroll of amnesia {unknown}
 r - a scroll of enchant weapon {unknown}
Potions
 f - a potion of might {unknown}
 i - 2 potions of lignification {unknown}
 m - a potion of mutation {unknown}
 p - a potion of berserk rage {unknown}
 s - 2 potions of curing {unknown}
 u - a potion of heal wounds {unknown}
 v - a potion of attraction {unknown}


   Skills:
 * Level 3.0 Fighting
 + Level 2.3 Polearms
 - Level 1.0 Throwing
 + Level 1.6 Armour
 + Level 2.3 Dodging
 + Level 2.5 Spellcasting
 + Level 3.1 Translocations


You had 4 spell levels left.
You knew the following spells:

 Your Spells              Type           Power      Damage    Failure   Level
a - Blink                 Tloc           20%        N/A       21%         2
b - Lesser Beckoning      Tloc           20%        N/A       21%         2

Your spell library contained the following spells:

 Spells                   Type           Power      Damage    Failure   Level
 Teleport Other           Tloc           10%        N/A       36%         3
 Manifold Assault         Tloc           10%        N/A       78%         4
 Vhi's Electric Charge    Tloc/Air       12%        N/A       94%         4
 Brom's Barrelling Bould  Conj/Erth      1%         2d3       99%         4
 Fireball                 Conj/Fire      0%         3d3       100%        5
 Iskenderun's Battlesphe  Conj           1%         2d6       100%        5
 Conjure Ball Lightning   Conj/Air       0%         3x3d6     100%        6
 Orb of Destruction       Conj           0%         9d5       100%        7


Dungeon Overview and Level Annotations

Branches:
Dungeon (4/15)
 Temple: D:4-7

Altars:
Ashenzari
Makhleb
Okawaru
Sif Muna
Uskayaw


Innate Abilities, Weirdness & Mutations

You regenerate magic rapidly.
Spells you cast may paralyse adjacent enemies.


Message History

The sleepcap is heavily damaged.
The sleepcap releases spores at you but does no damage.
You hit the sleepcap.
The sleepcap is heavily damaged.
You hit the sleepcap.
The sleepcap is heavily damaged.
The sleepcap releases spores at you!
You hit the sleepcap.
The sleepcap is severely damaged.
The sleepcap releases spores at you.
You hit the sleepcap.
The sleepcap is severely damaged.
The sleepcap completely misses you.
You hit the sleepcap.
The sleepcap is severely damaged.
The sleepcap releases spores at you.
You are engulfed in a cloud of soporific spores!
You fall asleep.
The sleepcap releases spores at you!
You wake up.
* * * LOW HITPOINT WARNING * * *
You are too injured to fight recklessly!
You are too injured to fight recklessly!
You are too injured to fight recklessly!
You are too injured to fight recklessly!
Reach: a) +0 spear
Press: ? - help, Dir - move target, f/p - sleepcap
Aim: a sleepcap (severely damaged, about 2% to evade your +0 spear)
You hit the sleepcap.
The sleepcap is almost destroyed.
The sleepcap releases spores at you.
* * * LOW HITPOINT WARNING * * *
You are engulfed in a cloud of soporific spores!
You are unaffected.
Reach: a) +0 spear
Press: ? - help, Dir - move target, f/p - sleepcap
Aim: a sleepcap (almost destroyed, about 2% to evade your +0 spear)
You hit the sleepcap.
The sleepcap is almost destroyed.
The sleepcap releases spores at you.
You die...

## ### ##.#
#.# ...# #####
#.# #..# .....
####.#
#..###..#
.....#
#f....###
.....#
##@.....###.
.....##
#...........
......#
#...##..##....
......## ####
##.# ..
...###.## ##.#
<.## ##.##
##.## ..#
##.### ##..#
..#
##<.####..##
... ##..##..##


You could see a sleepcap.

Vanquished Creatures
  A bombardier beetle (D:3)
  Jessica (D:2)
  3 adders
  3 endoplasms
  A giant cockroach (D:3)
  A goblin (D:1)
  4 hobgoblins
  3 quokkas
  A ball python (D:1)
  4 bats
  4 frilled lizards
  2 kobolds (D:1)
  9 rats
37 creatures vanquished.

Notes
Turn   | Place    | Note
-------+----------+-------------------------------------------
     0 | D:1      | javelincjr the Demonspawn Warper began the quest for the
                  | Orb.
     0 | D:1      | Reached XP level 1. HP: 16/16 MP: 3/3
     3 | D:1      | Noticed an electric eel
     4 | D:1      | Noticed an electric eel
    91 | D:1      | Reached skill level 1 in Armour
   189 | D:1      | Reached skill level 1 in Throwing
   256 | D:1      | Gained mutation: Spells you cast may paralyse adjacent
                  | enemies. [demonic ancestry]
   256 | D:1      | Reached XP level 2. HP: 12/22 MP: 5/5
   259 | D:1      | Learned a level 2 spell: Blink
   262 | D:1      | Learned a level 2 spell: Lesser Beckoning
   714 | D:2      | Reached XP level 3. HP: 22/28 MP: 6/6
   971 | D:2      | Noticed Jessica
   988 | D:2      | Killed Jessica
  1329 | D:3      | Gained mutation: You regenerate magic rapidly. [demonic
                  | ancestry]
  1329 | D:3      | Reached XP level 4. HP: 34/34 MP: 7/7
  1473 | D:3      | Found a hide-covered altar of Uskayaw.
  1480 | D:3      | Found a burning altar of Makhleb.
  1484 | D:3      | Found a shimmering blue altar of Sif Muna.
  1486 | D:3      | Became a worshipper of Makhleb the Destroyer
  1492 | D:3      | Found a broken altar of Ashenzari.
  1498 | D:3      | Found an iron altar of Okawaru.
  2191 | D:4      | Slain by a sleepcap

Illustrated notes

Levels and vault maps discovered:
D:1:      arrival_aquarium_b, layout_rooms
D:2:      layout_basic, minmay_misc_feat_roman, uniq_jessica
D:3:      layout_loops_ring, nicolae_overflow_hallway_of_the_gods,
          chequers_serial_rivers_micro_c
D:4:      layout_layer_cave, fedhas_altar_4, serial_shops, nicolae_shop_trees

Skill      XL: |  1  2  3  4 |
---------------+-------------+-----
Armour         | 1 |  1.6
Throwing       | 1 |  1.0
Polearms       | 2 |  2.3
Dodging        | 2 |  2.3
Translocations | 3 |  3.1
Fighting       | 3 |  3.0
Spellcasting   | |  2.5

Action                     |  1- 3 |  4- 6 || total
---------------------------+-------+-------++-------
  Melee: Spear             |    83 |   102 ||   185
  Throw: Boomerang         |     3 |     2 ||     5
         Dart              |       |     2 ||     2
   Cast: Lesser Beckoning  |       |     2 ||     2
   Stab: Sleeping          |     1 |       ||     1
         Paralysed         |       |     2 ||     2
 Armour: Leather armour    |    33 |     6 ||    39
         Ring mail         |       |    44 ||    44
  Dodge: Dodged            |    27 |    31 ||    58

Table legend: (Time is in decaauts)
 A = Elapsed time spent in this place.
 B = Non-inter-level travel time spent in this place.
 C = Inter-level travel time spent in this place.
 D = Time resting spent in this place.
 E = Time spent auto-exploring this place.
 F = Levels seen in this place.
 G = Mean time per level.
                   A        B        C        D        E       F      G
               +--------+--------+--------+--------+--------+-----+--------+
         Total |   2190 |   2105 |     85 |     75 |   1624 |   4 |  547.5 |
       Dungeon |   2190 |   2105 |     85 |     75 |   1624 |   4 |  547.5 |
               +--------+--------+--------+--------+--------+-----+--------+

Top non-repeatable levels by time:
     D:3: 900 daAuts
     D:2: 664 daAuts
     D:1: 573 daAuts
     D:4: 51 daAuts
